[ PARTIDA AOE2 · #465763182 ]
UnrankedEspañoles vs Aztecs
[ ANÁLISIS DE REPETICIÓN · EXTRAÍDO DE LA PARTIDA GRABADA ]
Feudal
—
Castillos
—
Imperial
—
| APM promedio | 8.5 |
| APM pico | 16 |
| eAPM promedio | 7.2 |
| Aldeanos / militares | 5 / 76 |
Foco
⚔️ 57.7% · 🌾 42.3%
Conquistador ×43 · Knight ×33
Feudal
3:09
Castillos
6:45
Imperial
11:51
| APM promedio | 25.6 |
| APM pico | 53 |
| eAPM promedio | 18.4 |
| Aldeanos / militares | 66 / 294 |
Foco
⚔️ 60.6% · 🌾 39.4%
War Elephant ×194 · Archer ×75 · Bombard Cannon ×25
Feudal
4:58
Castillos
10:59
Imperial
—
| APM promedio | 38.0 |
| APM pico | 67 |
| eAPM promedio | 35.5 |
| Aldeanos / militares | 72 / 209 |
Foco
⚔️ 72.6% · 🌾 27.4%
Unknown (2550) ×153 · Skirmisher ×87 · Archer ×49 · Spearman ×47 · Petard ×26
Feudal
—
Castillos
—
Imperial
—
| APM promedio | 7.5 |
| APM pico | 19 |
| eAPM promedio | 7.2 |
| Aldeanos / militares | 37 / 33 |
Foco
⚔️ 35.4% · 🌾 64.6%
Militia ×15 · Eagle Scout ×15 · Spearman ×3
Feudal
4:53
Castillos
9:21
Imperial
—
| APM promedio | 21.6 |
| APM pico | 45 |
| eAPM promedio | 16.1 |
| Aldeanos / militares | 17 / 385 |
Foco
⚔️ 58.6% · 🌾 41.4%
Spearman ×130 · Cavalry Archer ×105 · Steppe Lancer ×90 · Skirmisher ×40 · Keshik ×20
Feudal
4:33
Castillos
8:07
Imperial
16:09
| APM promedio | 47.1 |
| APM pico | 67 |
| eAPM promedio | 42.7 |
| Aldeanos / militares | 70 / 369 |
Foco
⚔️ 71.5% · 🌾 28.5%
Militia ×194 · Knight ×83 · Woad Raider ×44 · Scout Cavalry ×25 · Battering Ram ×23
Feudal
4:21
Castillos
8:50
Imperial
15:37
| APM promedio | 25.3 |
| APM pico | 61 |
| eAPM promedio | 20.9 |
| Aldeanos / militares | 32 / 125 |
Foco
⚔️ 61.1% · 🌾 38.9%
Archer ×84 · Camel Scout ×23 · Cataphract ×15 · Battering Ram ×3
Feudal
4:09
Castillos
7:01
Imperial
12:01
| APM promedio | 23.7 |
| APM pico | 45 |
| eAPM promedio | 15.4 |
| Aldeanos / militares | 101 / 192 |
Foco
⚔️ 57.0% · 🌾 43.0%
Militia ×107 · Archer ×85
Mapa de la partida
Recursos iniciales + cada clic de construcción. Líneas = muros · curvas = relieve. ◆ oro · ⬟ piedra · ● bayas · ✦ reliquia · ◌ hueco del cierre
Tu base· ✓ Cerrada en 4:52 · 0t muro · 2 puerta(s)
Base de R3xX· ✓ Cerrada en 6:45 · 0t muro · 3 puerta(s)
Base de jmalberca· ✓ Cerrada en 10:59 · 0t muro · 2 puerta(s)
Base de SALCHIPAKAS· ✓ Cerrada en 15:52 · 18t muro · 2 puerta(s)
Base de DgoUSA· ✓ Cerrada en 9:21 · 0t muro · 3 puerta(s)
Base de phod do· ✓ Cerrada en 8:07 · 0t muro · 2 puerta(s)
Base de Joe· ✓ Cerrada en 8:50 · 18t muro · 5 puerta(s)
Base de andersonamp2606· ✓ Cerrada en 7:01 · 0t muro · 3 puerta(s)
Terreno inicial suavizado · ◌ = hueco del cierre detectado · pasá el cursor para detalles
Inputs por minuto
— pulpy-match3 - - R3xX
Build order — pulpy-match3
110 acciones detectadas en el replay
| 0:03 | Crear | Villager (Male) |
| 0:03 | Crear | Villager (Male) |
| 0:03 | Crear | Villager (Male) |
| 0:04 | Crear | Villager (Male) |
| 0:05 | Crear | Villager (Male) |
| 0:14 | Construir | House |
| 0:17 | Construir | House |
| 0:20 | Construir | House |
| 0:36 | Construir | Lumber Camp |
| 0:45 | Construir | Mill |
| 1:16 | Investigar | Feudal Age |
| 2:06 | Construir | Barracks |
| 2:12 | Construir | Barracks |
| 2:20 | Construir | Barracks |
| 2:29 | Construir | Barracks |
| 2:33 | Construir | Barracks |
| 2:39 | Construir | Barracks |
| 3:42 | Construir | Market |
| 3:52 | Construir | Blacksmith |
| 4:37 | Investigar | Man-at-Arms (upgrade) |
| 4:52 | Investigar | Castle Age |
| 5:19 | Construir | Stable |
| 5:23 | Construir | Stable |
| 5:28 | Construir | Stable |
| 5:32 | Construir | Stable |
| 5:37 | Construir | Stable |
| 5:43 | Construir | Stable |
| 6:04 | Construir | House |
| 6:06 | Construir | House |
| 6:13 | Construir | House |
| 6:16 | Construir | House |
| 6:17 | Construir | House |
| 6:20 | Construir | House |
| 6:22 | Construir | House |
| 6:25 | Construir | House |
| 6:26 | Construir | House |
| 7:00 | Investigar | Scale Barding Armor |
| 7:01 | Investigar | Forging |
| 7:02 | Investigar | Scale Mail Armor |
| 7:04 | Investigar | Fletching |
| 7:05 | Investigar | Padded Archer Armor |
| 7:12 | Investigar | Bloodlines |
| 8:08 | Construir | Stone Wall |
| 8:26 | Investigar | Long Swordsman (upgrade) |
| 8:28 | Investigar | Squires |
| 8:29 | Investigar | Gambesons |
| 8:30 | Investigar | Pikeman (upgrade) |
| 8:36 | Investigar | Chain Barding Armor |
| 8:38 | Investigar | Iron Casting |
| 9:01 | Construir | Castle |
| 9:42 | Construir | University |
| 9:59 | Construir | Watch Tower |
| 10:09 | Construir | Watch Tower |
| 10:12 | Construir | Watch Tower |
| 10:22 | Construir | Watch Tower |
| 10:26 | Construir | Watch Tower |
| 10:29 | Construir | Watch Tower |
| 10:34 | Construir | Watch Tower |
| 10:38 | Investigar | Fortified Wall (upgrade) |
| 10:39 | Investigar | Masonry |
| 10:42 | Investigar | Ballistics |
| 10:43 | Investigar | Guard Tower (upgrade) |
| 11:25 | Investigar | Imperial Age |
| 11:34 | Investigar | Inquisition |
| 11:50 | Construir | House |
| 11:53 | Construir | House |
| 11:57 | Construir | House |
| 12:02 | Construir | House |
| 12:04 | Construir | House |
| 12:08 | Construir | House |
| 12:10 | Construir | House |
| 12:12 | Construir | House |
| 12:14 | Construir | House |
| 12:16 | Construir | House |
| 12:18 | Construir | House |
| 12:20 | Construir | House |
| 12:22 | Construir | House |
| 12:24 | Construir | House |
| 12:30 | Construir | House |
| 12:59 | Construir | Castle |
| 13:17 | Investigar | Chain Mail Armor |
| 13:18 | Investigar | Leather Archer Armor |
| 13:19 | Investigar | Bodkin Arrow |
| 14:09 | Construir | Castle |
| 14:14 | Construir | Castle |
| 14:19 | Construir | Castle |
| 14:23 | Construir | Castle |
| 14:26 | Construir | Castle |
| 14:30 | Construir | Castle |
| 14:41 | Investigar | Spies/Treason |
| 14:43 | Investigar | Conscription |
| 14:46 | Investigar | Tech 60 |
| 14:48 | Investigar | Supremacy |
| 14:51 | Investigar | Hoardings |
| 15:45 | Investigar | Two-Handed Swordsman (upgrade) |
| 15:46 | Investigar | Halberdier (upgrade) |
| 15:51 | Investigar | Cavalier (upgrade) |
| 15:53 | Investigar | Husbandry |
| 16:52 | Crear | Conquistador ×15 |
| 16:52 | Crear | Conquistador |
| 16:53 | Crear | Conquistador ×15 |
| 16:54 | Crear | Conquistador |
| 16:54 | Crear | Conquistador ×11 |
| 17:08 | Investigar | Champion (upgrade) |
| 17:13 | Crear | Knight |
| 17:15 | Investigar | Paladin (upgrade) |
| 17:39 | Crear | Knight ×15 |
| 17:39 | Crear | Knight |
| 17:40 | Crear | Knight ×15 |
| 17:41 | Crear | Knight |
Build order — R3xX
Primeras 150 de 255 acciones detectadas
| 0:03 | Crear | Villager (Male) ×5 |
| 0:03 | Crear | Villager (Male) ×5 |
| 0:03 | Crear | Villager (Male) ×5 |
| 0:11 | Construir | Mill |
| 0:28 | Construir | Lumber Camp |
| 1:05 | Investigar | Feudal Age |
| 2:20 | Investigar | Loom |
| 2:21 | Crear | Villager (Male) |
| 2:21 | Crear | Villager (Male) |
| 2:33 | Construir | House |
| 2:35 | Construir | House |
| 2:46 | Construir | House |
| 2:46 | Construir | House |
| 2:47 | Construir | House |
| 2:50 | Construir | House |
| 2:51 | Construir | House |
| 2:52 | Construir | House |
| 2:53 | Construir | House |
| 2:54 | Construir | House |
| 2:55 | Construir | House |
| 2:55 | Construir | House |
| 2:57 | Construir | House |
| 2:58 | Construir | House |
| 3:00 | Construir | House |
| 3:01 | Construir | House |
| 3:02 | Construir | House |
| 3:03 | Construir | House |
| 3:04 | Construir | House |
| 3:04 | Construir | House |
| 3:05 | Construir | House |
| 3:06 | Construir | House |
| 3:07 | Construir | House |
| 3:09 | Edad | Edad Feudal |
| 3:14 | Construir | Blacksmith |
| 3:17 | Construir | Market |
| 3:22 | Construir | Barracks |
| 3:23 | Construir | Barracks |
| 3:24 | Construir | Barracks |
| 3:28 | Construir | Barracks |
| 3:29 | Construir | Barracks |
| 3:30 | Construir | Barracks |
| 4:19 | Investigar | Castle Age |
| 4:31 | Construir | House |
| 4:32 | Construir | House |
| 4:33 | Construir | House |
| 4:34 | Construir | House |
| 4:34 | Construir | House |
| 4:36 | Construir | House |
| 4:37 | Construir | House |
| 4:37 | Construir | House |
| 4:38 | Construir | House |
| 4:41 | Construir | House |
| 4:42 | Construir | House |
| 4:43 | Construir | House |
| 5:39 | Investigar | Forging |
| 5:40 | Investigar | Scale Mail Armor |
| 5:41 | Investigar | Padded Archer Armor |
| 5:41 | Investigar | Fletching |
| 5:48 | Investigar | Man-at-Arms (upgrade) |
| 5:48 | Investigar | Arson |
| 6:04 | Construir | Archery Range |
| 6:06 | Construir | Archery Range |
| 6:07 | Construir | Archery Range |
| 6:08 | Construir | Archery Range |
| 6:09 | Construir | Archery Range |
| 6:11 | Construir | Archery Range |
| 6:14 | Construir | Stable |
| 6:15 | Construir | Stable |
| 6:16 | Construir | Stable |
| 6:16 | Construir | Stable |
| 6:18 | Construir | Stable |
| 6:18 | Construir | Stable |
| 6:22 | Investigar | Wheelbarrow |
| 6:25 | Crear | Villager (Male) |
| 6:25 | Crear | Villager (Male) |
| 6:26 | Crear | Villager (Male) |
| 6:38 | Investigar | Scale Barding Armor |
| 6:45 | Edad | Edad de los Castillos |
| 6:48 | Construir | Monastery |
| 6:58 | Investigar | Wheelbarrow |
| 6:59 | Investigar | Town Watch |
| 7:04 | Investigar | Iron Casting |
| 7:08 | Investigar | Caravan |
| 7:09 | Investigar | Coinage |
| 7:11 | Investigar | Pikeman (upgrade) |
| 7:12 | Investigar | Squires |
| 7:12 | Investigar | Gambesons |
| 7:13 | Investigar | Long Swordsman (upgrade) |
| 7:16 | Investigar | Crossbowman (upgrade) |
| 7:17 | Investigar | Elite Skirmisher (upgrade) |
| 7:17 | Investigar | Thumb Ring |
| 7:18 | Investigar | Parthian Tactics |
| 7:31 | Construir | Castle |
| 7:32 | Construir | Castle |
| 7:33 | Construir | Castle |
| 7:52 | Construir | University |
| 7:58 | Construir | Town Center |
| 8:28 | Crear | Villager (Male) |
| 8:28 | Crear | Villager (Male) |
| 8:28 | Crear | Villager (Male) |
| 8:34 | Investigar | Double-Bit Axe |
| 8:36 | Investigar | Horse Collar |
| 8:46 | Investigar | Ballistics |
| 8:46 | Investigar | Heated Shot |
| 8:47 | Investigar | Masonry |
| 8:48 | Investigar | Murder Holes |
| 8:49 | Investigar | Guard Tower (upgrade) |
| 8:56 | Investigar | Imperial Age |
| 9:07 | Investigar | Hand Cart |
| 9:10 | Investigar | Chain Mail Armor |
| 9:11 | Investigar | Leather Archer Armor |
| 9:13 | Investigar | Chain Barding Armor |
| 9:14 | Investigar | Bodkin Arrow |
| 9:23 | Construir | House |
| 9:23 | Construir | House |
| 9:23 | Construir | House |
| 9:24 | Construir | House |
| 9:24 | Construir | House |
| 9:25 | Construir | House |
| 9:25 | Construir | House |
| 9:25 | Construir | House |
| 9:25 | Construir | House |
| 9:26 | Construir | House |
| 9:27 | Construir | House |
| 9:27 | Construir | House |
| 9:27 | Construir | House |
| 9:28 | Construir | House |
| 9:28 | Construir | House |
| 9:28 | Construir | House |
| 9:28 | Construir | House |
| 9:29 | Construir | House |
| 9:29 | Construir | House |
| 9:29 | Construir | House |
| 9:29 | Construir | House |
| 9:30 | Construir | House |
| 9:30 | Construir | House |
| 9:30 | Construir | House |
| 9:40 | Construir | Castle |
| 9:43 | Construir | Castle |
| 9:46 | Construir | Castle |
| 9:49 | Construir | Castle |
| 9:49 | Construir | Castle |
| 9:50 | Construir | Castle |
| 10:31 | Crear | Villager (Male) ×5 |
| 10:31 | Crear | Villager (Male) ×5 |
| 10:32 | Crear | Villager (Male) ×5 |
| 10:42 | Investigar | Kamandaran |
| 10:46 | Crear | War Elephant |
| 10:46 | Crear | War Elephant |
| 10:47 | Crear | War Elephant ×5 |
Build order — jmalberca
Primeras 150 de 542 acciones detectadas
| 0:04 | Crear | Villager (Male) |
| 0:04 | Crear | Villager (Male) |
| 0:04 | Crear | Villager (Male) |
| 0:05 | Crear | Villager (Male) |
| 0:05 | Crear | Villager (Male) |
| 0:05 | Crear | Villager (Male) |
| 0:08 | Construir | House |
| 0:35 | Crear | Villager (Male) |
| 1:00 | Crear | Villager (Male) |
| 1:00 | Crear | Villager (Male) |
| 1:04 | Crear | Villager (Male) |
| 1:04 | Crear | Villager (Male) |
| 1:04 | Crear | Villager (Male) |
| 1:04 | Crear | Villager (Male) |
| 1:04 | Crear | Villager (Male) |
| 1:04 | Crear | Villager (Male) |
| 1:04 | Crear | Villager (Male) |
| 1:05 | Crear | Villager (Male) |
| 1:05 | Crear | Villager (Male) |
| 1:05 | Crear | Villager (Male) |
| 1:17 | Construir | House |
| 1:20 | Crear | Villager (Male) |
| 1:35 | Construir | Barracks |
| 1:43 | Construir | Barracks |
| 1:50 | Construir | Settlement |
| 1:58 | Crear | Villager (Male) |
| 1:59 | Crear | Villager (Male) |
| 1:59 | Crear | Villager (Male) |
| 2:06 | Construir | House |
| 2:06 | Construir | House |
| 2:07 | Construir | House |
| 2:07 | Construir | House |
| 2:07 | Construir | House |
| 2:10 | Construir | House |
| 2:10 | Construir | House |
| 2:11 | Construir | House |
| 2:11 | Construir | House |
| 2:14 | Construir | House |
| 2:15 | Construir | House |
| 2:16 | Construir | House |
| 2:16 | Construir | House |
| 2:16 | Construir | House |
| 2:16 | Construir | House |
| 2:16 | Construir | House |
| 2:17 | Construir | House |
| 2:17 | Construir | House |
| 2:18 | Construir | House |
| 2:18 | Construir | House |
| 2:18 | Construir | House |
| 2:21 | Construir | House |
| 2:22 | Construir | House |
| 2:24 | Construir | House |
| 2:24 | Construir | House |
| 2:25 | Construir | House |
| 2:25 | Construir | House |
| 2:26 | Construir | House |
| 2:26 | Construir | House |
| 2:26 | Construir | House |
| 2:27 | Construir | House |
| 2:27 | Construir | House |
| 2:39 | Investigar | Feudal Age |
| 2:48 | Investigar | Feudal Age |
| 2:49 | Investigar | Loom |
| 3:00 | Construir | Barracks |
| 3:06 | Crear | Villager (Male) |
| 3:06 | Crear | Villager (Male) |
| 3:06 | Crear | Villager (Male) |
| 3:07 | Crear | Villager (Male) |
| 3:07 | Crear | Villager (Male) |
| 3:29 | Crear | Unit 2550 |
| 3:29 | Crear | Unit 2550 |
| 3:29 | Crear | Unit 2550 |
| 3:30 | Crear | Unit 2550 |
| 3:30 | Crear | Unit 2550 |
| 3:30 | Crear | Unit 2550 |
| 3:30 | Crear | Unit 2550 |
| 3:31 | Crear | Unit 2550 |
| 3:31 | Crear | Unit 2550 |
| 3:33 | Crear | Unit 2550 |
| 3:34 | Crear | Unit 2550 |
| 3:34 | Crear | Unit 2550 |
| 3:34 | Crear | Unit 2550 |
| 3:34 | Crear | Unit 2550 |
| 3:35 | Crear | Unit 2550 |
| 3:35 | Crear | Unit 2550 |
| 3:35 | Crear | Unit 2550 |
| 3:35 | Crear | Unit 2550 |
| 3:36 | Crear | Unit 2550 |
| 3:43 | Construir | Barracks |
| 3:43 | Construir | Barracks |
| 3:44 | Construir | Barracks |
| 3:46 | Construir | Barracks |
| 3:46 | Construir | Barracks |
| 3:46 | Construir | Barracks |
| 3:53 | Crear | Unit 2550 |
| 3:53 | Crear | Unit 2550 |
| 3:53 | Crear | Unit 2550 |
| 3:54 | Crear | Unit 2550 |
| 3:54 | Crear | Unit 2550 |
| 3:54 | Crear | Unit 2550 |
| 3:54 | Crear | Unit 2550 |
| 3:55 | Crear | Unit 2550 |
| 3:55 | Crear | Unit 2550 |
| 3:55 | Crear | Unit 2550 |
| 3:55 | Crear | Unit 2550 |
| 3:56 | Crear | Unit 2550 |
| 3:56 | Crear | Unit 2550 |
| 4:17 | Construir | Barracks |
| 4:18 | Construir | Barracks |
| 4:20 | Construir | Barracks |
| 4:48 | Crear | Villager (Male) |
| 4:49 | Crear | Villager (Male) |
| 4:49 | Crear | Villager (Male) |
| 4:49 | Crear | Villager (Male) |
| 4:58 | Edad | Edad Feudal |
| 5:23 | Construir | Archery Range |
| 5:23 | Construir | Archery Range |
| 5:24 | Construir | Archery Range |
| 5:24 | Construir | Archery Range |
| 5:24 | Construir | Archery Range |
| 5:29 | Crear | Villager (Male) |
| 5:30 | Crear | Villager (Male) |
| 5:30 | Investigar | Wheelbarrow |
| 5:42 | Construir | Blacksmith |
| 5:47 | Construir | Blacksmith |
| 5:52 | Investigar | Tech 1402 |
| 5:52 | Crear | Unit 2550 |
| 5:53 | Crear | Spearman |
| 5:53 | Crear | Unit 2550 |
| 5:54 | Crear | Spearman |
| 5:55 | Investigar | Arson |
| 5:55 | Crear | Unit 2550 |
| 5:56 | Crear | Spearman |
| 5:56 | Crear | Unit 2550 |
| 5:56 | Crear | Spearman |
| 6:41 | Crear | Unit 2550 |
| 6:41 | Crear | Unit 2550 |
| 6:41 | Crear | Spearman |
| 6:42 | Crear | Spearman |
| 6:42 | Crear | Spearman |
| 6:55 | Construir | Market |
| 7:03 | Crear | Unit 2550 |
| 7:03 | Crear | Unit 2550 |
| 7:03 | Crear | Unit 2550 |
| 7:04 | Crear | Unit 2550 |
| 7:04 | Crear | Unit 2550 |
| 7:04 | Crear | Spearman |
| 7:05 | Crear | Spearman |
| 7:05 | Crear | Spearman |
| 7:05 | Crear | Spearman |
Build order — SALCHIPAKAS
107 acciones detectadas en el replay
| 0:07 | Crear | Villager (Male) |
| 0:08 | Crear | Villager (Male) |
| 0:08 | Crear | Villager (Male) |
| 0:09 | Crear | Villager (Male) |
| 0:09 | Crear | Villager (Male) |
| 0:09 | Crear | Villager (Male) |
| 0:10 | Crear | Villager (Male) |
| 0:10 | Crear | Villager (Male) |
| 0:11 | Crear | Villager (Male) |
| 0:11 | Crear | Villager (Male) |
| 0:11 | Crear | Villager (Male) |
| 0:12 | Crear | Villager (Male) |
| 0:12 | Crear | Villager (Male) |
| 0:12 | Crear | Villager (Male) |
| 0:12 | Crear | Villager (Male) |
| 1:53 | Construir | Mill |
| 2:25 | Construir | House |
| 2:40 | Construir | House |
| 2:51 | Construir | Farm |
| 3:18 | Construir | Mill |
| 3:27 | Construir | Farm |
| 4:02 | Construir | House |
| 4:09 | Construir | House |
| 4:21 | Construir | Lumber Camp |
| 5:04 | Investigar | Loom |
| 5:46 | Construir | Barracks |
| 5:55 | Investigar | Feudal Age |
| 6:20 | Crear | Villager (Male) |
| 6:20 | Crear | Villager (Male) |
| 6:21 | Crear | Villager (Male) |
| 6:21 | Crear | Villager (Male) |
| 6:21 | Crear | Villager (Male) |
| 6:22 | Crear | Villager (Male) |
| 6:22 | Crear | Villager (Male) |
| 6:54 | Construir | Mill |
| 7:05 | Construir | Farm |
| 7:09 | Construir | Farm |
| 8:10 | Construir | House |
| 8:19 | Construir | House |
| 8:51 | Crear | Militia |
| 8:51 | Crear | Militia |
| 8:52 | Crear | Militia |
| 8:52 | Crear | Militia |
| 8:52 | Crear | Militia |
| 8:53 | Crear | Militia |
| 8:53 | Crear | Militia |
| 8:53 | Crear | Militia |
| 8:54 | Crear | Militia |
| 8:54 | Crear | Militia |
| 8:55 | Crear | Militia |
| 8:55 | Crear | Militia |
| 8:55 | Crear | Militia |
| 8:56 | Crear | Militia |
| 8:56 | Crear | Militia |
| 9:42 | Construir | Outpost |
| 9:55 | Construir | Outpost |
| 10:56 | Construir | Outpost |
| 11:34 | Construir | Stone Wall |
| 11:54 | Investigar | Man-at-Arms (upgrade) |
| 11:56 | Investigar | Arson |
| 11:57 | Crear | Eagle Scout |
| 11:58 | Crear | Eagle Scout |
| 11:58 | Crear | Eagle Scout |
| 11:58 | Crear | Eagle Scout |
| 11:59 | Crear | Eagle Scout |
| 11:59 | Crear | Eagle Scout |
| 12:00 | Crear | Eagle Scout |
| 12:00 | Crear | Eagle Scout |
| 12:00 | Crear | Eagle Scout |
| 12:15 | Construir | Archery Range |
| 12:19 | Crear | Spearman |
| 12:19 | Crear | Spearman |
| 12:55 | Investigar | Town Watch |
| 12:56 | Investigar | Wheelbarrow |
| 12:57 | Crear | Villager (Male) |
| 12:58 | Crear | Villager (Male) |
| 12:58 | Crear | Villager (Male) |
| 12:58 | Crear | Villager (Male) |
| 12:59 | Crear | Villager (Male) |
| 12:59 | Crear | Villager (Male) |
| 12:59 | Crear | Villager (Male) |
| 12:59 | Crear | Villager (Male) |
| 13:00 | Crear | Villager (Male) |
| 13:01 | Crear | Villager (Male) |
| 13:01 | Crear | Villager (Male) |
| 13:22 | Construir | House |
| 13:38 | Construir | House |
| 13:52 | Construir | House |
| 14:05 | Construir | House |
| 14:25 | Construir | Market |
| 14:38 | Construir | Stone Wall |
| 14:52 | Construir | Stone Wall |
| 15:46 | Crear | Villager (Male) |
| 15:46 | Crear | Villager (Male) |
| 15:46 | Crear | Villager (Male) |
| 15:47 | Crear | Villager (Male) |
| 15:52 | Investigar | Castle Age |
| 16:04 | Crear | Spearman |
| 16:05 | Crear | Eagle Scout |
| 16:06 | Crear | Eagle Scout |
| 16:06 | Crear | Eagle Scout |
| 16:07 | Crear | Eagle Scout |
| 16:07 | Crear | Eagle Scout |
| 16:07 | Crear | Eagle Scout |
| 16:21 | Construir | Watch Tower |
| 16:28 | Construir | Watch Tower |
| 16:36 | Construir | Watch Tower |
Build order — DgoUSA
Primeras 150 de 239 acciones detectadas
| 0:02 | Crear | Villager (Male) |
| 0:03 | Crear | Villager (Male) |
| 0:03 | Crear | Villager (Male) |
| 0:03 | Crear | Villager (Male) |
| 0:07 | Construir | House |
| 0:09 | Construir | House |
| 0:24 | Crear | Villager (Male) |
| 0:25 | Crear | Villager (Male) |
| 0:25 | Crear | Villager (Male) |
| 0:25 | Crear | Villager (Male) |
| 0:26 | Crear | Villager (Male) |
| 0:36 | Construir | House |
| 0:53 | Construir | Barracks |
| 0:58 | Construir | Barracks |
| 1:07 | Construir | House |
| 1:09 | Construir | House |
| 1:10 | Construir | House |
| 1:57 | Construir | Lumber Camp |
| 2:11 | Construir | Mill |
| 2:16 | Construir | House |
| 2:18 | Construir | House |
| 2:24 | Construir | House |
| 2:25 | Construir | House |
| 2:26 | Construir | House |
| 2:27 | Construir | House |
| 2:28 | Construir | House |
| 2:29 | Construir | House |
| 2:29 | Construir | House |
| 2:33 | Construir | House |
| 2:35 | Construir | House |
| 2:37 | Investigar | Feudal Age |
| 2:43 | Investigar | Feudal Age |
| 3:36 | Construir | Outpost |
| 3:39 | Construir | Outpost |
| 4:09 | Construir | Outpost |
| 4:27 | Construir | Outpost |
| 4:41 | Construir | Outpost |
| 4:53 | Edad | Edad Feudal |
| 4:59 | Crear | Villager (Male) |
| 4:59 | Crear | Villager (Male) |
| 5:00 | Crear | Villager (Male) |
| 5:00 | Crear | Villager (Male) |
| 5:01 | Crear | Villager (Male) |
| 5:01 | Crear | Villager (Male) |
| 5:05 | Construir | Archery Range |
| 5:08 | Construir | Archery Range |
| 5:15 | Construir | Archery Range |
| 5:21 | Construir | Archery Range |
| 5:30 | Construir | Market |
| 5:32 | Construir | Blacksmith |
| 5:42 | Crear | Villager (Male) |
| 5:42 | Crear | Villager (Male) |
| 6:06 | Construir | Barracks |
| 6:08 | Construir | Barracks |
| 6:09 | Construir | Barracks |
| 6:09 | Construir | Barracks |
| 6:11 | Construir | Barracks |
| 6:12 | Construir | Barracks |
| 6:15 | Construir | Barracks |
| 6:22 | Construir | Archery Range |
| 6:26 | Construir | Archery Range |
| 6:27 | Construir | Archery Range |
| 6:37 | Investigar | Castle Age |
| 6:55 | Construir | Barracks |
| 6:57 | Construir | Barracks |
| 6:59 | Construir | Barracks |
| 7:13 | Construir | Stable |
| 7:15 | Construir | Stable |
| 7:17 | Construir | Stable |
| 7:19 | Construir | Stable |
| 7:20 | Construir | Stable |
| 7:21 | Construir | Stable |
| 7:26 | Construir | Archery Range |
| 7:30 | Construir | Archery Range |
| 7:36 | Investigar | Scale Mail Armor |
| 7:38 | Investigar | Padded Archer Armor |
| 7:39 | Investigar | Fletching |
| 7:39 | Investigar | Forging |
| 7:40 | Investigar | Scale Barding Armor |
| 8:21 | Construir | Barracks |
| 8:23 | Construir | Barracks |
| 8:27 | Construir | Barracks |
| 8:42 | Construir | Stable |
| 8:44 | Construir | Stable |
| 8:45 | Construir | Stable |
| 8:47 | Construir | Stable |
| 8:48 | Construir | Stable |
| 8:57 | Construir | Archery Range |
| 8:58 | Construir | Archery Range |
| 8:59 | Construir | Archery Range |
| 9:01 | Construir | Archery Range |
| 9:03 | Construir | Archery Range |
| 9:03 | Construir | Archery Range |
| 9:05 | Construir | Archery Range |
| 9:21 | Edad | Edad de los Castillos |
| 9:31 | Crear | Cavalry Archer ×5 |
| 9:32 | Crear | Cavalry Archer ×5 |
| 9:32 | Crear | Cavalry Archer ×5 |
| 9:32 | Crear | Cavalry Archer ×5 |
| 9:32 | Crear | Cavalry Archer ×5 |
| 9:32 | Crear | Cavalry Archer ×5 |
| 9:33 | Crear | Cavalry Archer ×5 |
| 9:33 | Crear | Cavalry Archer ×5 |
| 9:33 | Crear | Cavalry Archer ×5 |
| 9:48 | Construir | House |
| 9:49 | Construir | House |
| 9:52 | Construir | House |
| 9:53 | Construir | House |
| 9:55 | Construir | House |
| 9:57 | Construir | House |
| 9:58 | Construir | House |
| 10:23 | Construir | House |
| 10:24 | Construir | House |
| 10:25 | Construir | House |
| 10:26 | Construir | House |
| 10:27 | Construir | House |
| 10:29 | Construir | House |
| 10:30 | Construir | House |
| 10:31 | Construir | House |
| 10:32 | Construir | House |
| 10:33 | Construir | House |
| 10:34 | Construir | House |
| 10:40 | Crear | Steppe Lancer ×5 |
| 10:40 | Crear | Steppe Lancer ×5 |
| 10:40 | Crear | Steppe Lancer ×5 |
| 10:41 | Crear | Steppe Lancer ×5 |
| 10:41 | Crear | Steppe Lancer ×5 |
| 10:42 | Investigar | Bloodlines |
| 10:42 | Investigar | Light Cavalry (upgrade) |
| 10:49 | Investigar | Pikeman (upgrade) |
| 10:50 | Investigar | Squires |
| 10:51 | Crear | Spearman ×5 |
| 10:51 | Crear | Spearman ×5 |
| 10:52 | Crear | Spearman ×5 |
| 10:52 | Crear | Spearman ×5 |
| 10:52 | Crear | Spearman ×5 |
| 10:52 | Crear | Spearman ×5 |
| 10:52 | Crear | Spearman ×5 |
| 10:53 | Crear | Spearman ×5 |
| 10:53 | Crear | Spearman ×5 |
| 10:53 | Crear | Spearman ×5 |
| 10:53 | Crear | Spearman ×5 |
| 10:54 | Crear | Spearman ×5 |
| 10:59 | Crear | Cavalry Archer ×5 |
| 10:59 | Crear | Cavalry Archer ×5 |
| 10:59 | Crear | Cavalry Archer ×5 |
| 10:59 | Crear | Cavalry Archer ×5 |
| 11:00 | Crear | Cavalry Archer ×5 |
| 11:00 | Crear | Cavalry Archer ×5 |
| 11:00 | Crear | Cavalry Archer ×5 |
Build order — phod do
Primeras 150 de 614 acciones detectadas
| 0:01 | Crear | Villager (Male) |
| 0:01 | Crear | Villager (Male) |
| 0:02 | Crear | Villager (Male) |
| 0:02 | Crear | Villager (Male) |
| 0:02 | Crear | Villager (Male) |
| 0:03 | Crear | Villager (Male) |
| 0:06 | Construir | House |
| 0:06 | Construir | House |
| 0:06 | Construir | House |
| 0:07 | Construir | House |
| 0:07 | Construir | House |
| 0:10 | Construir | House |
| 0:12 | Crear | Villager (Male) |
| 0:13 | Crear | Villager (Male) |
| 0:13 | Crear | Villager (Male) |
| 0:13 | Crear | Villager (Male) |
| 0:14 | Crear | Villager (Male) |
| 0:14 | Crear | Villager (Male) |
| 0:14 | Crear | Villager (Male) |
| 0:14 | Crear | Villager (Male) |
| 0:15 | Crear | Villager (Male) |
| 0:15 | Crear | Villager (Male) |
| 0:48 | Construir | Lumber Camp |
| 0:58 | Crear | Villager (Male) |
| 0:58 | Crear | Villager (Male) |
| 1:43 | Construir | Barracks |
| 1:46 | Crear | Villager (Male) |
| 1:46 | Crear | Villager (Male) |
| 2:20 | Investigar | Feudal Age |
| 2:37 | Construir | Barracks |
| 2:38 | Construir | Barracks |
| 2:38 | Construir | Barracks |
| 2:39 | Construir | Barracks |
| 2:45 | Construir | House |
| 2:45 | Construir | House |
| 2:45 | Construir | House |
| 2:45 | Construir | House |
| 2:46 | Construir | House |
| 2:46 | Construir | House |
| 2:46 | Construir | House |
| 2:46 | Construir | House |
| 2:46 | Construir | House |
| 2:47 | Construir | House |
| 2:47 | Construir | House |
| 2:47 | Construir | House |
| 2:48 | Construir | House |
| 2:48 | Construir | House |
| 2:49 | Construir | House |
| 2:49 | Construir | House |
| 2:49 | Construir | House |
| 2:49 | Construir | House |
| 2:50 | Construir | House |
| 2:50 | Construir | House |
| 2:50 | Construir | House |
| 2:50 | Construir | House |
| 2:51 | Construir | House |
| 2:51 | Construir | House |
| 2:53 | Construir | House |
| 3:12 | Crear | Militia |
| 3:12 | Crear | Militia |
| 3:12 | Crear | Militia |
| 3:12 | Crear | Militia |
| 3:13 | Crear | Militia |
| 3:13 | Crear | Militia |
| 3:13 | Crear | Militia |
| 3:13 | Crear | Militia |
| 3:13 | Crear | Militia |
| 3:14 | Crear | Militia |
| 3:14 | Crear | Militia |
| 3:14 | Crear | Militia |
| 3:14 | Crear | Militia |
| 3:15 | Crear | Militia |
| 3:15 | Crear | Militia |
| 3:15 | Crear | Militia |
| 3:15 | Crear | Militia |
| 3:56 | Crear | Militia |
| 3:57 | Crear | Militia |
| 3:57 | Crear | Militia |
| 3:57 | Crear | Militia |
| 3:58 | Crear | Militia |
| 3:58 | Crear | Militia |
| 3:58 | Crear | Militia |
| 3:58 | Crear | Militia |
| 3:59 | Crear | Militia |
| 3:59 | Crear | Militia |
| 3:59 | Crear | Militia |
| 3:59 | Crear | Militia |
| 4:00 | Crear | Militia |
| 4:00 | Crear | Militia |
| 4:00 | Crear | Militia |
| 4:00 | Crear | Militia |
| 4:01 | Crear | Militia |
| 4:01 | Crear | Militia |
| 4:18 | Crear | Villager (Male) |
| 4:18 | Crear | Villager (Male) |
| 4:19 | Crear | Villager (Male) |
| 4:19 | Crear | Villager (Male) |
| 4:19 | Crear | Villager (Male) |
| 4:19 | Crear | Villager (Male) |
| 4:25 | Crear | Militia |
| 4:25 | Crear | Militia |
| 4:26 | Crear | Militia |
| 4:26 | Crear | Militia |
| 4:26 | Crear | Militia |
| 4:26 | Crear | Militia |
| 4:27 | Crear | Militia |
| 4:27 | Crear | Militia |
| 4:33 | Edad | Edad Feudal |
| 4:40 | Construir | Stable |
| 4:51 | Construir | Blacksmith |
| 4:59 | Crear | Villager (Male) |
| 4:59 | Crear | Villager (Male) |
| 4:59 | Crear | Villager (Male) |
| 5:08 | Investigar | Man-at-Arms (upgrade) |
| 5:15 | Crear | Militia |
| 5:15 | Crear | Militia |
| 5:16 | Crear | Militia |
| 5:16 | Crear | Militia |
| 5:16 | Crear | Militia |
| 5:17 | Crear | Militia |
| 5:17 | Crear | Militia |
| 5:17 | Crear | Militia |
| 5:17 | Crear | Militia |
| 5:18 | Crear | Militia |
| 5:18 | Crear | Militia |
| 5:18 | Crear | Militia |
| 5:18 | Crear | Militia |
| 5:21 | Investigar | Castle Age |
| 5:36 | Construir | Stable |
| 5:37 | Construir | Stable |
| 5:37 | Construir | Stable |
| 5:37 | Construir | Stable |
| 5:38 | Construir | Stable |
| 5:38 | Construir | Stable |
| 5:38 | Construir | Stable |
| 5:38 | Construir | Stable |
| 5:39 | Construir | Stable |
| 5:39 | Construir | Stable |
| 5:40 | Construir | Stable |
| 5:47 | Crear | Militia |
| 5:47 | Crear | Militia |
| 5:47 | Crear | Militia |
| 5:48 | Crear | Militia |
| 5:48 | Crear | Militia |
| 5:48 | Crear | Militia |
| 5:48 | Crear | Militia |
| 5:49 | Crear | Militia |
| 5:49 | Crear | Militia |
| 5:49 | Crear | Militia |
| 5:50 | Crear | Militia |
Build order — Joe
Primeras 150 de 269 acciones detectadas
| 0:04 | Construir | House |
| 0:05 | Crear | Villager (Male) |
| 0:05 | Crear | Villager (Male) |
| 0:05 | Crear | Villager (Male) |
| 0:15 | Construir | Barracks |
| 0:28 | Construir | House |
| 0:29 | Construir | House |
| 0:32 | Construir | House |
| 0:36 | Crear | Villager (Male) |
| 1:04 | Construir | Mill |
| 1:09 | Construir | Lumber Camp |
| 1:18 | Crear | Villager (Male) |
| 1:31 | Construir | House |
| 1:34 | Construir | House |
| 1:35 | Construir | House |
| 1:37 | Construir | House |
| 1:39 | Construir | House |
| 1:48 | Investigar | Feudal Age |
| 1:59 | Investigar | Loom |
| 2:05 | Construir | House |
| 2:06 | Construir | House |
| 2:07 | Construir | House |
| 2:08 | Construir | House |
| 2:18 | Construir | Barracks |
| 2:24 | Construir | Barracks |
| 3:04 | Construir | House |
| 3:06 | Construir | House |
| 3:07 | Construir | House |
| 3:08 | Construir | House |
| 3:11 | Construir | House |
| 3:13 | Construir | House |
| 4:21 | Edad | Edad Feudal |
| 4:22 | Construir | House |
| 4:34 | Crear | Villager (Male) |
| 4:34 | Crear | Villager (Male) |
| 4:35 | Crear | Villager (Male) |
| 4:35 | Crear | Villager (Male) |
| 4:40 | Construir | House |
| 4:41 | Construir | House |
| 4:41 | Construir | House |
| 4:42 | Construir | House |
| 4:46 | Construir | House |
| 4:47 | Construir | House |
| 4:57 | Construir | Archery Range |
| 4:58 | Construir | Archery Range |
| 4:59 | Construir | Archery Range |
| 5:00 | Construir | Archery Range |
| 5:11 | Construir | Stable |
| 5:20 | Construir | Stable |
| 5:31 | Construir | House |
| 5:33 | Construir | House |
| 5:33 | Construir | House |
| 5:34 | Construir | House |
| 5:50 | Crear | Archer |
| 5:50 | Crear | Archer |
| 5:50 | Crear | Archer |
| 5:50 | Crear | Archer |
| 5:51 | Crear | Archer |
| 5:51 | Crear | Archer |
| 6:00 | Construir | Stable |
| 6:09 | Investigar | Castle Age |
| 6:25 | Crear | Archer |
| 6:25 | Crear | Archer |
| 6:26 | Crear | Archer |
| 6:26 | Crear | Archer |
| 6:26 | Crear | Archer |
| 6:28 | Crear | Archer |
| 6:29 | Crear | Archer |
| 6:29 | Crear | Archer |
| 6:29 | Crear | Archer |
| 6:32 | Crear | Archer |
| 6:32 | Crear | Archer |
| 6:43 | Construir | Stone Wall |
| 6:55 | Construir | Gate |
| 6:58 | Crear | Villager (Male) |
| 6:59 | Crear | Villager (Male) |
| 6:59 | Crear | Villager (Male) |
| 6:59 | Crear | Villager (Male) |
| 7:00 | Crear | Villager (Male) |
| 7:00 | Crear | Villager (Male) |
| 7:14 | Crear | Archer |
| 7:14 | Crear | Archer |
| 7:15 | Crear | Archer |
| 7:16 | Crear | Archer |
| 7:16 | Crear | Archer |
| 7:50 | Crear | Archer |
| 7:50 | Crear | Archer |
| 7:51 | Crear | Archer |
| 7:51 | Crear | Archer |
| 7:51 | Crear | Archer |
| 7:51 | Crear | Archer |
| 7:52 | Crear | Archer |
| 7:52 | Crear | Archer |
| 7:52 | Crear | Archer |
| 7:52 | Crear | Archer |
| 8:23 | Construir | Gate |
| 8:28 | Construir | Stone Wall |
| 8:31 | Crear | Villager (Male) |
| 8:50 | Edad | Edad de los Castillos |
| 8:51 | Construir | House |
| 8:52 | Construir | House |
| 8:53 | Construir | House |
| 8:54 | Construir | House |
| 8:55 | Construir | House |
| 8:56 | Construir | House |
| 8:57 | Construir | House |
| 8:57 | Construir | House |
| 8:57 | Construir | House |
| 8:58 | Construir | House |
| 8:58 | Construir | House |
| 8:59 | Construir | House |
| 8:59 | Construir | House |
| 8:59 | Construir | House |
| 8:59 | Construir | House |
| 9:00 | Construir | House |
| 9:02 | Crear | Villager (Male) |
| 9:11 | Construir | Castle |
| 9:23 | Construir | Town Center |
| 9:24 | Crear | Villager (Male) |
| 9:42 | Construir | Archery Range |
| 9:42 | Construir | Archery Range |
| 9:45 | Construir | Archery Range |
| 9:51 | Construir | Stable |
| 9:52 | Construir | Stable |
| 9:55 | Construir | Stable |
| 9:59 | Construir | Stable |
| 10:00 | Construir | Stable |
| 10:12 | Construir | Watch Tower |
| 10:16 | Construir | Watch Tower |
| 10:52 | Construir | University |
| 11:00 | Construir | Blacksmith |
| 11:05 | Investigar | Crossbowman (upgrade) |
| 11:05 | Investigar | Thumb Ring |
| 11:22 | Crear | Cataphract |
| 11:22 | Crear | Cataphract |
| 11:22 | Crear | Cataphract |
| 11:23 | Crear | Cataphract |
| 11:23 | Crear | Cataphract |
| 11:23 | Crear | Cataphract |
| 11:24 | Crear | Cataphract |
| 11:24 | Crear | Cataphract |
| 11:24 | Crear | Cataphract |
| 11:34 | Construir | Castle |
| 11:46 | Crear | Archer |
| 11:47 | Crear | Archer |
| 11:47 | Crear | Archer |
| 11:47 | Crear | Archer |
| 11:47 | Crear | Archer |
| 11:48 | Crear | Archer |
| 11:48 | Crear | Archer |
Build order — andersonamp2606
Primeras 150 de 177 acciones detectadas
| 0:21 | Crear | Villager (Male) |
| 0:21 | Crear | Villager (Male) |
| 0:21 | Crear | Villager (Male) |
| 0:22 | Crear | Villager (Male) |
| 0:22 | Crear | Villager (Male) |
| 0:22 | Crear | Villager (Male) |
| 0:23 | Crear | Villager (Male) |
| 0:23 | Crear | Villager (Male) |
| 0:23 | Crear | Villager (Male) |
| 0:23 | Crear | Villager (Male) |
| 0:24 | Crear | Villager (Male) |
| 0:24 | Crear | Villager (Male) |
| 0:24 | Crear | Villager (Male) |
| 0:24 | Crear | Villager (Male) |
| 0:24 | Crear | Villager (Male) |
| 0:25 | Crear | Villager (Male) |
| 0:25 | Crear | Villager (Male) |
| 0:42 | Construir | House |
| 0:43 | Construir | House |
| 0:48 | Investigar | Feudal Age |
| 1:38 | Construir | House |
| 1:40 | Construir | House |
| 1:42 | Construir | House |
| 1:44 | Construir | House |
| 1:45 | Construir | House |
| 2:49 | Construir | Barracks |
| 3:28 | Crear | Militia |
| 3:28 | Crear | Militia |
| 3:28 | Crear | Militia |
| 3:28 | Crear | Militia |
| 3:29 | Crear | Militia |
| 3:45 | Construir | Barracks |
| 3:53 | Construir | House |
| 3:54 | Construir | House |
| 3:55 | Construir | House |
| 3:56 | Construir | House |
| 3:59 | Construir | House |
| 4:00 | Construir | House |
| 4:01 | Construir | House |
| 4:04 | Construir | House |
| 4:09 | Edad | Edad Feudal |
| 4:11 | Crear | Militia |
| 4:16 | Crear | Militia |
| 4:16 | Crear | Militia |
| 4:16 | Crear | Militia |
| 4:21 | Investigar | Castle Age |
| 4:34 | Construir | Archery Range |
| 4:39 | Construir | Archery Range |
| 4:46 | Crear | Militia |
| 4:47 | Crear | Militia |
| 4:47 | Crear | Militia |
| 4:47 | Crear | Militia |
| 4:50 | Investigar | Man-at-Arms (upgrade) |
| 5:07 | Crear | Militia ×5 |
| 5:08 | Crear | Militia ×5 |
| 5:08 | Crear | Militia ×5 |
| 5:12 | Crear | Archer ×5 |
| 5:13 | Crear | Archer ×5 |
| 5:14 | Crear | Archer ×5 |
| 5:14 | Crear | Archer ×5 |
| 5:14 | Crear | Archer ×5 |
| 5:30 | Crear | Militia ×5 |
| 5:31 | Crear | Militia ×5 |
| 5:31 | Crear | Militia ×5 |
| 5:31 | Crear | Militia ×5 |
| 5:31 | Crear | Militia ×5 |
| 5:37 | Crear | Archer ×5 |
| 5:37 | Crear | Archer ×5 |
| 5:38 | Crear | Archer ×5 |
| 5:38 | Crear | Archer ×5 |
| 5:38 | Crear | Archer ×5 |
| 6:08 | Construir | Stable |
| 7:01 | Edad | Edad de los Castillos |
| 7:06 | Construir | Castle |
| 7:15 | Investigar | Crossbowman (upgrade) |
| 7:20 | Crear | Archer ×2 |
| 7:20 | Crear | Archer ×2 |
| 7:20 | Crear | Archer ×2 |
| 8:16 | Crear | Archer ×5 |
| 8:16 | Crear | Archer ×5 |
| 8:16 | Crear | Archer ×5 |
| 8:16 | Crear | Archer |
| 8:17 | Crear | Archer |
| 8:21 | Investigar | Long Swordsman (upgrade) |
| 8:21 | Investigar | Long Swordsman (upgrade) |
| 8:34 | Crear | Villager (Male) |
| 8:34 | Crear | Villager (Male) |
| 8:35 | Crear | Villager (Male) |
| 8:35 | Crear | Villager (Male) ×5 |
| 8:36 | Crear | Villager (Male) ×5 |
| 8:36 | Crear | Villager (Male) ×5 |
| 8:36 | Crear | Villager (Male) ×5 |
| 8:36 | Crear | Villager (Male) ×2 |
| 8:42 | Construir | Town Center |
| 8:51 | Investigar | Imperial Age |
| 8:51 | Investigar | Imperial Age |
| 9:07 | Crear | Archer ×2 |
| 9:07 | Crear | Archer ×2 |
| 9:08 | Crear | Archer ×2 |
| 9:08 | Crear | Archer |
| 9:45 | Crear | Militia |
| 9:46 | Crear | Militia |
| 9:46 | Crear | Militia |
| 9:46 | Crear | Militia |
| 9:46 | Crear | Militia |
| 9:47 | Crear | Militia |
| 9:47 | Crear | Militia |
| 9:47 | Crear | Militia |
| 9:47 | Crear | Militia |
| 9:48 | Crear | Militia |
| 9:51 | Crear | Militia |
| 9:51 | Crear | Militia |
| 9:51 | Crear | Militia |
| 9:52 | Crear | Militia |
| 9:52 | Crear | Militia |
| 9:52 | Crear | Militia |
| 9:52 | Crear | Militia |
| 9:52 | Crear | Militia |
| 9:52 | Crear | Militia |
| 9:52 | Crear | Militia |
| 9:52 | Crear | Militia |
| 11:39 | Crear | Archer |
| 11:39 | Crear | Archer |
| 11:39 | Crear | Archer |
| 11:39 | Crear | Archer |
| 11:40 | Crear | Archer |
| 11:47 | Crear | Villager (Male) ×5 |
| 11:47 | Crear | Villager (Male) ×5 |
| 11:47 | Crear | Villager (Male) ×5 |
| 11:47 | Crear | Villager (Male) ×5 |
| 12:00 | Construir | Castle |
| 12:01 | Edad | Edad Imperial |
| 12:05 | Crear | Villager (Male) ×5 |
| 12:06 | Crear | Villager (Male) ×5 |
| 12:06 | Crear | Villager (Male) ×5 |
| 12:06 | Crear | Villager (Male) ×5 |
| 12:06 | Crear | Villager (Male) ×5 |
| 13:20 | Crear | Militia ×5 |
| 13:20 | Crear | Militia ×5 |
| 13:20 | Crear | Militia ×5 |
| 13:21 | Crear | Militia ×5 |
| 13:21 | Crear | Militia ×5 |
| 13:21 | Crear | Militia ×5 |
| 13:21 | Crear | Militia ×3 |
| 13:46 | Construir | Siege Workshop |
| 13:56 | Construir | Barracks |
| 14:37 | Construir | Castle |
| 15:03 | Crear | Villager (Male) |
| 15:03 | Crear | Villager (Male) |
| 15:04 | Crear | Villager (Male) |
Cronología de la partida
| 0:15 | Joe · first_building Barracks |
| 0:53 | DgoUSA · first_building Barracks |
| 1:35 | jmalberca · first_building Barracks |
| 1:43 | phod do · first_building Barracks |
| 2:06 | pulpy-match3 · first_building Barracks |
| 2:49 | andersonamp2606 · first_building Barracks |
| 3:09 | R3xX · age_up feudal |
| 3:22 | R3xX · first_building Barracks |
| 4:09 | andersonamp2606 · age_up feudal |
| 4:21 | Joe · age_up feudal |
| 4:33 | phod do · age_up feudal |
| 4:34 | andersonamp2606 · first_building Archery Range |
| 4:40 | phod do · first_building Stable |
| 4:53 | DgoUSA · age_up feudal |
| 4:57 | Joe · first_building Archery Range |
| 4:58 | jmalberca · age_up feudal |
| 5:05 | DgoUSA · first_building Archery Range |
| 5:11 | Joe · first_building Stable |
| 5:19 | pulpy-match3 · first_building Stable |
| 5:23 | jmalberca · first_building Archery Range |
| 5:46 | SALCHIPAKAS · first_building Barracks |
| 6:04 | R3xX · first_building Archery Range |
| 6:08 | andersonamp2606 · first_building Stable |
| 6:14 | R3xX · first_building Stable |
| 6:43 | Joe · wall_segment Stone Wall x17 |
| 6:45 | R3xX · age_up castle |
| 6:48 | R3xX · first_building Monastery |
| 7:01 | andersonamp2606 · age_up castle |
| 7:06 | andersonamp2606 · first_building Castle |
| 7:13 | DgoUSA · first_building Stable |
| 7:31 | R3xX · first_building Castle |
| 8:07 | phod do · age_up castle |
| 8:08 | pulpy-match3 · wall_segment Stone Wall x19 |
| 8:28 | Joe · wall_segment Stone Wall x1 |
| 8:50 | Joe · age_up castle |
| 9:01 | pulpy-match3 · first_building Castle |
| 9:11 | Joe · first_building Castle |
| 9:21 | DgoUSA · age_up castle |
| 10:57 | phod do · first_building Castle |
| 10:59 | jmalberca · age_up castle |
| 11:10 | R3xX · first_building Siege Workshop |
| 11:22 | jmalberca · first_building Siege Workshop |
| 11:24 | phod do · first_building Siege Workshop |
| 11:26 | jmalberca · first_building Castle |
| 11:34 | SALCHIPAKAS · wall_segment Stone Wall x7 |
| 11:51 | R3xX · age_up imperial |
| 12:00 | DgoUSA · first_building Castle |
| 12:01 | andersonamp2606 · age_up imperial |
| 12:15 | SALCHIPAKAS · first_building Archery Range |
| 13:43 | Joe · first_building Siege Workshop |
| 13:46 | andersonamp2606 · first_building Siege Workshop |
| 13:54 | DgoUSA · first_building Monastery |
| 14:38 | SALCHIPAKAS · wall_segment Stone Wall x1 |
| 14:52 | SALCHIPAKAS · wall_segment Stone Wall x12 |
| 15:37 | Joe · age_up imperial |
| 15:43 | andersonamp2606 · wall_segment Stone Wall x1 |
| 15:56 | andersonamp2606 · wall_segment Stone Wall x10 |
| 16:09 | phod do · age_up imperial |
| 16:39 | andersonamp2606 · wall_segment Stone Wall x22 |
| 16:42 | jmalberca · resign |
[ ANÁLISIS IA · 1 CRÉDITO ]
¿Qué pasó realmente en esta partida?
Wolo.gg analiza cada decisión: build order, eco, micro, errores típicos por bracket. Análisis personalizado por WhatsApp o Discord en 30 segundos.
Guía civ
Españoles
Guía mapa
Arena
Perfil
pulpy-match3